 Dungeon Crawl Stone Soup version 0.31.0-12-g77e489cdc1 (webtiles) character file.

Game seed: 4876393596876741235

67 booth the Chopper (level 3, 0/28 HPs)
             Began as a Demonspawn Gladiator on Feb 17, 2024.
             Was an Initiate of Hepliaklqana.
             Succumbed to a goblin's poison
             ... on level 3 of the Dungeon.
             The game lasted 00:08:09 (1914 turns).

booth the Chopper (Demonspawn Gladiator)            Turns: 1914, Time: 00:08:10

Health: 0/28       AC:  4    Str: 16    XL:     3   Next: 98%
Magic:  3/3        EV: 12    Int: 14    God:    Hepliaklqana [......]
Gold:   142        SH:  0    Dex: 14    Spells: 2/2 levels left

rFire   . . .        o - +0 war axe (elec)
rCold   . . .        (no shield)
rNeg    . . .        b - +0 leather armour
rPois   .            c - +0 helmet
rElec   .            (no cloak)
rCorr   .            (no gloves)
SInv    .            (no boots)
Will    .....        (no amulet)
Stlth   +            f - +6 ring of intelligence
HPRegen 0.24/turn    (no ring)
MPRegen 0.08/turn

%: no passive effects
@: lethally poisoned (0 -> -13)
A: hooves 1, ignite blood 1
a: Renounce Religion


You were on level 3 of the Dungeon.
You worshipped Hepliaklqana.
Hepliaklqana was noncommittal.
You visited 1 branch of the dungeon, and saw 3 of its levels.

You collected 142 gold pieces.

Inventory:

Hand Weapons
 g - a +0 mace of protection
 o - a +0 war axe of electrocution (weapon)
Missiles
 d - 3 throwing nets (quivered)
 e - a javelin
Armour
 b - a +0 leather armour (worn)
 c - a +0 helmet (worn)
 p - a +0 ring mail
Jewellery
 f - a +6 ring of intelligence (left hand)
Scrolls
 a - a scroll of immolation {unknown}
 i - a scroll of identify {unknown}
 n - a scroll of poison
 q - a scroll of teleportation {unknown}
Potions
 h - a potion of might
 j - a potion of curing
 k - a potion of mutation {unknown}
 l - a potion of attraction {unknown}
 m - 2 potions of ambrosia {unknown}
 r - a potion of enlightenment {unknown}


   Skills:
 + Level 2.7 Fighting
 * Level 3.6 Axes
 + Level 2.4 Throwing
 - Level 2.6 Dodging


You had 2 spell levels left.
You didn't know any spells.
Your spell library contained the following spells:

 Spells                   Type           Power      Damage    Failure   Level
 Magic Dart               Conj           0%         1d3       34%         1
 Searing Ray              Conj           0%         2d4       47%         2
 Fulminant Prism          Conj/Alch      0%         3d5       98%         4


Dungeon Overview and Level Annotations

Branches:
Dungeon (3/15)

Altars:
Hepliaklqana

Annotations:
D:3 1 transporter, Robin; cordlesssteve's ghost, amateur DjFE


Innate Abilities, Weirdness & Mutations

You have large cloven feet.
Your demonic aura sometimes causes spilled blood to erupt in flames.


Message History

You hit the goblin. Lightning courses through the goblin!
You kill the goblin!
Robin says, "My goblins will feast on your bones."
The goblin hits you with a +0 dagger.
You slash the goblin!
You kill the goblin!
You hit the hobgoblin. The hobgoblin hits you.
A goblin comes into view. It is wielding a +1 dagger of venom.
The hobgoblin hits you.
A goblin comes into view.
It is wielding a +0 club and carrying a wand of roots.
You are too injured to fight recklessly!
You barely miss the hobgoblin.
The hobgoblin is heavily wounded.
The hobgoblin closely misses you. The goblin hits you but does no damage.
The hobgoblin attacks as it pursues you!
The hobgoblin hits you.
* * * LOW HITPOINT WARNING * * *
The goblin attacks as it pursues you! The goblin hits you but does no damage.
You slash the goblin!
You kill the goblin!
You hit the goblin but do no damage. Lightning courses through the goblin!
You kill the goblin!
You barely miss the hobgoblin. The hobgoblin misses you.
Robin throws the goblin at you! The goblin hits you but does no damage.
You are lethally poisoned!
You closely miss the hobgoblin.
The hobgoblin is heavily wounded.
You hit the goblin but do no damage.
* * * LOW HITPOINT WARNING * * *
You feel very sick.
The goblin hits you with a +1 dagger of venom.
* * * LOW HITPOINT WARNING * * *
You are more poisoned.
The hobgoblin closely misses you.
You hit the goblin. Your kick misses the goblin.
The goblin is heavily wounded.
You hit the hobgoblin.
Lightning courses through the hobgoblin!!
You kill the hobgoblin!
You die...

#.##.###....# #.##.##.# #.#
#.......# #.# #.##.##.###.#
#)##.###....# #.##.#
##.#.###...### #. ##.##.#
#.#.##.......
##[.###..)#.####.#.##.......
#..g...)#g.@g....#.##.......
.......g).########.##.......
©.©.....)## ##.#........
########.########.#.........
.?(..OW#.#)......###.......>
#.#..#O#.#.######.#.........
...##.O#.#.# ##.#.......#
... #..#<#.# ###....#.## #.
.#.#.#.# #..##.##


You could see an ogre, Robin, cordlesssteve's ghost and 2 goblins.

Vanquished Creatures
  An adder (D:3)
  A dart slug (D:1)
  A ribbon worm (D:2)
  An orc (D:3)
  5 ball pythons (D:2)
  5 bats
  5 endoplasms
  2 giant cockroaches (D:2)
  14 goblins
  3 hobgoblins
  4 kobolds
  3 frilled lizards
  3 rats
48 creatures vanquished.

Notes
Turn   | Place    | Note
-------+----------+-------------------------------------------
     0 | D:1      | booth the Demonspawn Gladiator began the quest for the Orb.
     0 | D:1      | Reached XP level 1. HP: 16/16 MP: 1/1
   403 | D:1      | Reached skill level 3 in Axes
   423 | D:1      | Gained mutation: You have large cloven feet. [demonic
                  | ancestry]
   423 | D:1      | Reached XP level 2. HP: 19/22 MP: 2/2
  1323 | D:2      | Gained mutation: Your demonic aura sometimes causes spilled
                  | blood to erupt in flames. [demonic ancestry]
  1323 | D:2      | Reached XP level 3. HP: 27/28 MP: 3/3
  1758 | D:3      | Found a faded altar of an unknown god.
  1813 | D:3      | Found a hazy altar of Hepliaklqana.
  1819 | D:3      | Became a worshipper of Hepliaklqana the Forgotten
  1852 | D:3      | Identified the +11 spear of Dowdy Valour {elec, SInv}
  1891 | D:3      | Found a transporter.
  1891 | D:3      | Noticed cordlesssteve's ghost (amateur DjFE)
  1892 | D:3      | Noticed an ogre
  1894 | D:3      | Noticed an ogre
  1894 | D:3      | Noticed an ogre
  1904 | D:3      | Noticed Robin
  1914 | D:3      | Succumbed to a goblin's poison

Illustrated notes

Levels and vault maps discovered:
D:1:      elethiomel_arrival_infinity_welcomes_careful_drivers,
          layout_loops_corners
D:2:      layout_rooms
D:3:      layout_loops_ring, marbit_many_paths, gammafunk_ghost_smash,
          ebering_ecumenical_altar_hall, serial_bayou_lagoon_a,
          minmay_misc_feat_roman, nicolae_nh_oracle_at_delphi, uniq_robin

Skill      XL: |  1 |
---------------+----+-----
Axes           | 3 |  3.6
Throwing       | 2 |  2.4
Fighting       | |  2.7
Dodging        | |  2.6

Action                     || total
---------------------------++-------
  Melee: War axe           ||   102
         Kick              ||    18
         Punch             ||     1
    Use: Scroll            ||     5
         Potion            ||     2
   Stab: Sleeping          ||     2
 Armour: Leather armour    ||    65
  Dodge: Dodged            ||    65
